 Dungeon Crawl Stone Soup version 0.30-b1-5-g8e6c1be481 (webtiles) character file.

Game seed: 5693977590872467383

2675 Descartes the Magician (level 9, 0/39 HPs)
             Began as a Spriggan Fire Elementalist on May 4, 2023.
             Was an Initiate of Gozag.
             Slain by Duvessa
             ... wielding a +0 rapier of flaming
              (1 damage)
             ... in the Ecumenical Temple.
             The game lasted 00:17:41 (7858 turns).

Descartes the Magician (Spriggan Fire Elementalist) Turns: 7858, Time: 00:17:42

Health: 0/39       AC:  9    Str:  4    XL:     9   Next: 37%
Magic:  26/30      EV: 20    Int: 21    God:    Gozag
Gold:   201        SH:  0    Dex: 19    Spells: 13/22 levels left

rFire   . . .        t - +1 rapier "Ytuhik" {freeze, MP+9 Dex+4}
rCold   . . .        (no shield)
rNeg    . . .        a - +0 robe
rPois   .            y - +0 hat
rElec   .            q - +2 cloak
rCorr   .            (gloves unavailable)
SInv    +            (boots unavailable)
Will    +....        l - amulet of regeneration
Stlth   +++          m - +4 ring of protection
HPRegen 1.06/turn    (no ring)
MPRegen 0.22/turn

%: no passive effects
@: very quick
A: very small, no large weapons, unfitting armour, see invisible, speed 3
a: Renounce Religion, Potion Petition, Call Merchant, Bribe Branch


You were in the Ecumenical Temple.
You worshipped Gozag.
Gozag was aware of your devotion.
You visited 2 branches of the dungeon, and saw 7 of its levels.

You collected 286 gold pieces.
You paid 85 gold pieces to Gozag.

Inventory:

Hand Weapons
 g - a +0 dagger
 j - a +0 sling
 t - the +1 rapier "Ytuhik" (weapon) {freeze, MP+9 Dex+4}
   (You found it on level 6 of the Dungeon)

   Dex:       It affects your dexterity (+4).
   MP:        It affects your magic capacity (+9).
Missiles
 d - 13 poisoned darts
Armour
 a - a +0 robe (worn)
 q - a +2 cloak (worn)
 y - a +0 hat (worn)
Jewellery
 l - an amulet of regeneration (around neck)
 m - a +4 ring of protection (left hand)
 v - an amulet of reflection
Wands
 z - a wand of iceblast (9)
Scrolls
 i - 2 scrolls of identify {unknown}
 k - a scroll of acquirement {unknown}
 n - 4 scrolls of teleportation
 o - a scroll of enchant weapon {unknown}
 p - 3 scrolls of noise {unknown}
 s - a scroll of amnesia {unknown}
 u - a scroll of summoning
 w - a scroll of enchant armour {unknown}
 A - a scroll of immolation {unknown}
 B - a scroll of magic mapping {unknown}
 D - a scroll of brand weapon {unknown}
 F - a scroll of poison {unknown}
Potions
 b - a potion of magic
 c - 3 potions of might {unknown}
 e - 2 potions of attraction {unknown}
 f - 2 potions of lignification {unknown}
 h - a potion of flight {unknown}
 r - 2 potions of ambrosia {unknown}
 x - 4 potions of curing {unknown}
 C - a potion of degeneration {unknown}
 E - a potion of brilliance {unknown}


   Skills:
 + Level 5.1 Dodging
 + Level 6.0 Stealth
 + Level 7.3 Spellcasting
 + Level 4.5 Conjurations
 + Level 4.0 Translocations
 + Level 5.7 Fire Magic
 + Level 6.3 Evocations


You had 13 spell levels left.
You knew the following spells:

 Your Spells              Type           Power      Damage    Failure   Level
a - Foxfire               Conj/Fire      100%       2x1d9     1%          1
b - Blink                 Tloc           48%        N/A       2%          2
c - Flame Wave            Conj/Fire      29%        2d9       11%         4
d - Scorch                Fire           62%        2d7       1%          2

Your spell library contained the following spells:

 Spells                   Type           Power      Damage    Failure   Level
 Lesser Beckoning         Tloc           48%        N/A       2%          2
 Momentum Strike          Conj/Tloc      50%        3d9       2%          2
 Volatile Blastmotes      Fire/Tloc      56%        2d14      3%          3
 Inner Flame              Hex/Fire       19%        N/A       8%          3
 Portal Projectile        Hex/Tloc       32%        N/A       11%         3
 Call Canine Familiar     Summ           7%         N/A       26%         3
 Leda's Liquefaction      Hex/Erth       3%         N/A       63%         4
 Petrify                  Tmut/Erth      7%         N/A       63%         4
 Metabolic Englaciation   Hex/Ice        3%         N/A       93%         5
 Statue Form              Tmut/Erth      4%         N/A       100%        6
 Haunt                    Necr/Summ      3%         N/A       100%        7
 Infestation              Necr           3%         N/A       100%        8
 Animate Dead             Necr           Unusable   N/A       N/A         4

Dungeon Overview and Level Annotations

Branches:
Dungeon (6/15)             Temple (1/1) D:6

Altars:
Ashenzari
Cheibriados
Gozag
Hepliaklqana
Makhleb
Nemelex Xobeh
Okawaru
Ru
Sif Muna
Trog
Uskayaw
Yredelemnul
Zin
The Shining One

Shops:
D:1 *   D:4 *

Annotations:
D:6 Grinder
Temple Duvessa


Innate Abilities, Weirdness & Mutations

You are very small and have problems with some larger weapons.
You are too small for most types of armour.
You have supernaturally acute eyesight. (SInv)
You cover ground extremely quickly. (Speed+++)


Message History

Casting: Foxfire (safe; 1% risk of failure)
Confirm with . or Enter, or press ? or * to list all spells.
You conjure some foxfire!
The foxfire hits Duvessa.
Duvessa is moderately wounded.
Duvessa hits you with a +0 rapier of flaming!
Duvessa burns you. Duvessa completely misses you.
Unknown command.
Casting: Foxfire (safe; 1% risk of failure)
Confirm with . or Enter, or press ? or * to list all spells.
You conjure some foxfire!
The foxfire hits Duvessa.
Duvessa is moderately wounded.
The foxfire hits Duvessa but does no damage.
Duvessa is moderately wounded.
Duvessa hits you with a +0 rapier of flaming.
* * * LOW HITPOINT WARNING * * *
Duvessa burns you.
* * * LOW HITPOINT WARNING * * *
The foxfire hits Duvessa but does no damage.
Duvessa is moderately wounded.
Casting: Foxfire (safe; 1% risk of failure)
Confirm with . or Enter, or press ? or * to list all spells.
You conjure some foxfire!
The foxfire hits Duvessa.
Duvessa is moderately wounded.
Duvessa hits you with a +0 rapier of flaming!
* * * LOW HITPOINT WARNING * * *
Duvessa burns you.
* * * LOW HITPOINT WARNING * * *
Duvessa closely misses you.
Unknown command.
Casting: Foxfire (safe; 1% risk of failure)
Confirm with . or Enter, or press ? or * to list all spells.
You conjure some foxfire!
The foxfire hits Duvessa!
Duvessa is heavily wounded.
The foxfire hits Duvessa.
Duvessa is severely wounded.
Duvessa hits you with a +0 rapier of flaming.
* * * LOW HITPOINT WARNING * * *
Duvessa burns you.
You die...
Your body crumbles into a pile of gold.

###''#''# #...##'##.
#..#..###'........
#..#...##''...8...
#..##.....########
#..####....'#...#'
###''## ###..'.._..'
#....8########.....#
##ev§.'......+.....+
##@§.'......+.....+
##v.########..8..#
##.# #.....# ###
#######


You could see Duvessa (berserk, ally target).

Vanquished Creatures
  Prince Ribbit (D:5)
  Sigmund (D:3)
  A wyvern (D:5)
  Menkaure (D:6)
  An ice beast (D:5)
  2 ogres
  2 centaurs
  7 phantoms
  A kobold brigand (D:6)
  4 scorpions
  5 hounds
  An orc priest (D:3)
  A jelly (D:6)
  Jessica (D:2)
  A gnoll bouda (D:6)
  A sleepcap (D:3)
  7 iguanas
  4 orc wizards (D:5)
  Robin (D:2)
  8 gnolls
  4 adders
  An ufetubus (D:6)
  2 worms
  4 dart slugs
  14 orcs
  10 ball pythons
  5 bats
  10 endoplasms
  3 giant cockroaches
  21 goblins
  5 hobgoblins
  3 jackals (D:4)
  6 quokkas
  2 frilled lizards
  11 kobolds
  6 rats
158 creatures vanquished.

Vanquished Creatures (collateral kills)
  6 foxfires (D:4)
6 creatures vanquished.

Vanquished Creatures (others)
  Dowan (D:6)
  947 foxfires
  A plant (D:4)
949 creatures vanquished.

Grand Total: 1113 creatures vanquished

Notes
Turn   | Place    | Note
-------+----------+-------------------------------------------
     0 | D:1      | Descartes the Spriggan Fire Elementalist began the quest
                  | for the Orb.
     0 | D:1      | Reached XP level 1. HP: 9/9 MP: 5/5
   352 | D:1      | Reached XP level 2. HP: 13/13 MP: 2/6
   440 | D:1      | Reached skill level 3 in Spellcasting
   484 | D:1      | Found Naisif's Assorted Antiques.
   820 | D:1      | Reached skill level 1 in Evocations
  1084 | D:2      | Noticed Robin
  1171 | D:2      | Reached XP level 3. HP: 16/16 MP: 3/8
  1473 | D:2      | Noticed Jessica
  1508 | D:2      | Killed Jessica
  1509 | D:2      | Reached skill level 1 in Conjurations
  1786 | D:2      | Reached XP level 4. HP: 21/21 MP: 6/10
  2250 | D:2      | Killed Robin
  2575 | D:3      | Noticed a scorpion
  2584 | D:3      | Killed a scorpion
  2585 | D:3      | Reached skill level 4 in Spellcasting
  2585 | D:3      | Reached XP level 5. HP: 22/24 MP: 3/12
  2723 | D:3      | Found a broken altar of Ashenzari.
  2923 | D:3      | Found a glowing silver altar of Zin.
  3078 | D:3      | You fall into a shaft and drop 3 floors!
  3086 | D:6      | Noticed a phantom
  3106 | D:6      | Killed a phantom
  3107 | D:6      | Reached XP level 6. HP: 28/28 MP: 6/13
  3185 | D:6      | Identified the +1 rapier "Ytuhik" {freeze, MP+9 Dex+4}
  3204 | D:5      | Entered Level 5 of the Dungeon
  3210 | D:5      | Noticed Prince Ribbit
  3216 | D:5      | Noticed a wyvern
  3293 | D:5      | Noticed an ice beast
  3437 | D:5      | Found an iron altar of Okawaru.
  3705 | D:5      | Reached XP level 7. HP: 32/32 MP: 13/15
  3708 | D:5      | Reached skill level 5 in Spellcasting
  3876 | D:4      | Found a burning altar of Makhleb.
  4098 | D:3      | Noticed Sigmund
  4113 | D:3      | Killed Sigmund
  4741 | D:4      | Found a shimmering blue altar of Sif Muna.
  4917 | D:4      | Found Wima Sea's Assorted Antiques.
  5083 | D:4      | Reached XP level 8. HP: 36/36 MP: 17/17
  5089 | D:4      | Reached skill level 5 in Evocations
  5348 | D:4      | Reached skill level 6 in Spellcasting
  5713 | D:4      | Reached skill level 5 in Fire Magic
  5718 | D:4      | Learned a level 2 spell: Blink
  5723 | D:4      | Learned a level 4 spell: Flame Wave
  5726 | D:4      | Learned a level 2 spell: Scorch
  5914 | D:5      | Reached skill level 1 in Translocations
  6383 | D:5      | Killed Prince Ribbit
  6384 | D:5      | Reached skill level 5 in Stealth
  6384 | D:5      | Reached skill level 7 in Spellcasting
  6565 | D:5      | Reached XP level 9. HP: 39/39 MP: 20/20
  7279 | D:6      | Noticed Menkaure
  7291 | D:6      | Killed Menkaure
  7292 | D:6      | Reached skill level 5 in Dodging
  7516 | D:6      | Noticed Dowan
  7520 | D:6      | Noticed Duvessa
  7521 | D:6      | Noticed Grinder
  7543 | D:6      | Found a staircase to the Ecumenical Temple.
  7558 | D:6      | Killed Dowan
  7559 | Temple   | Entered the Ecumenical Temple
  7824 | Temple   | Became a worshipper of Gozag Ym Sagoz the Greedy
  7857 | Temple   | HP: 1/39 [Duvessa/+0 rapier of flaming (2)]
  7858 | Temple   | Slain by Duvessa

Illustrated notes

Levels and vault maps discovered:
D:1:      shiori_arrival_elements, layout_loops_ring, serial_shops,
          shop_fountains
D:2:      layout_rooms, minmay_puff, uniq_robin, uniq_jessica
D:3:      layout_basic, mainiacjoe_overflow_paths,
          mainiacjoe_overflow_concentric_impassable,
          cheibrodos_sewer_entry_drain, roderic_roman_lattice, hellmonk_no_cap,
          uniq_sigmund
D:4:      layout_loops_cross, makhleb_heckhound_becter, lemuel_blue_sif_altar,
          serial_shops, shop_fountains, serial_bayou_pond_e,
          serial_bayou_pond_e, minmay_misc_feat_secret_circle,
          minmay_starry_boxes
D:5:      layout_loops_ring, okawaru_altar_gauntlet_db, uniq_prince_ribbit1
D:6:      layout_basic, lemuel_temple_firewalk_a, uniq_menkaure, uniq_duvessa,
          uniq_grinder
Temple:   grunt_temple_mini_profane

Skill      XL: |  1  2  3  4  5  6  7  8  9 |
---------------+----------------------------+-----
Spellcasting   | 3 4 5 7 |  7.3
Dodging        | 3 4 5 |  5.1
Evocations     | 1 2 3 4 5 6 |  6.3
Conjurations   | 1 2 3 4 |  4.5
Fire Magic     | 3 4 5 |  5.7
Stealth        | 5 6 |  6.0
Translocations | 2 4 |  4.0

Action                     |  1- 3 |  4- 6 |  7- 9 || total
---------------------------+-------+-------+-------++-------
  Melee: Unarmed           |     1 |       |       ||     1
         Rapier            |       |       |     3 ||     3
         Punch             |       |       |     1 ||     1
   Cast: Foxfire           |    74 |   141 |   386 ||   601
    Use: Scroll            |       |       |     2 ||     2
 Armour: Robe              |     1 |     5 |    14 ||    20
  Dodge: Dodged            |    18 |    23 |    75 ||   116
